 Dungeon Crawl Stone Soup version 0.28-a0-723-g095bd1b44f (webtiles) character file.

Game seed: 7490549853199339505

12720 BlueGoblin the Brawler (level 11, -11/144 HPs)
             Began as a Troll Monk on Oct 26, 2021.
             Was a Believer of Yredelemnul.
             Mangled by an 11-headed hydra (12 damage)
             ... on level 1 of the Lair of Beasts.
             The game lasted 00:20:10 (9795 turns).

BlueGoblin the Brawler (Troll Monk)                 Turns: 9795, Time: 00:20:11

Health: -11/144    AC: 25    Str: 30    XL:     11   Next: 66%
Magic:  1/1        EV:  1    Int:  6    God:    Yredelemnul [**....]
Gold:   207        SH:  0    Dex: 15    Spells: 10/10 levels left

rFire   . . .      SeeInvis .     - Unarmed
rCold   . . .      Faith    .   (no shield)
rNeg    . . .      Spirit   .   (armour currently unavailable)
rPois   +          Reflect  .   (helmet currently unavailable)
rElec   .          Harm     .   (cloak currently unavailable)
rCorr   +          Rampage  .   (gloves unavailable)
Will    .....      NoTele   +   (boots unavailable)
Stlth   +++.......              n - amulet of the acrobat
HPRegen 1.34/turn               f - ring of resist corrosion
MPRegen 0.07/turn               h - ring "Luyho" {Drain rPois MP-9 Str+9 Stlth+}

@: brilliant, tree-form, marked
A: stationary, stasis, torment immunity, boosted hp, large, unfitting armour,
(claws 3), regeneration 1, (shaggy fur 1), (tough skin 1)
a: Renounce Religion, Animate Remains, Recall Undead Slaves, Injury Mirror


You were on level 1 of the Lair of Beasts.
You worshipped Yredelemnul.
Yredelemnul was pleased with you.
You were a tree.
You visited 3 branches of the dungeon, and saw 14 of its levels.

You collected 639 gold pieces.
You spent 432 gold pieces at shops.

Inventory:

Hand Weapons
 t - a +2 antimagic dagger
 w - the +1 war axe "Ybbubraf" {spect, *Noise rPois rF++ Stlth+}
   (You found it on level 9 of the Dungeon)

   When its wielder attacks, the weapon's spirit leaps out and strikes again.
   The spirit shares a part of any damage it takes with its wielder.
   rF:        It greatly protects you from fire.
   rPois:     It protects you from poison.
   *Noise:    It may make noises in combat.
   Stlth:     It makes you more stealthy.
Missiles
 k - 11 poisoned darts (quivered)
 u - 3 large rocks
Armour
 z - a +1 troll leather armour (melded)
 A - a +2 cloak (melded)
Jewellery
 f - a ring of resist corrosion (left branch)
 h - the ring "Luyho" (right branch) {Drain rPois MP-9 Str+9 Stlth+}
   (You acquired it on level 9 of the Dungeon)

   [ring of poison resistance]

   Str:       It affects your strength (+9).
   rPois:     It protects you from poison.
   MP:        It affects your magic capacity (-9).
   Drain:     It drains your maximum health when unequipped.
   Stlth:     It makes you more stealthy.
 i - an amulet of guardian spirit
 n - an amulet of the acrobat (around neck)
 o - a ring of positive energy
 y - a ring of magical power
Wands
 e - a wand of iceblast (10)
 m - a wand of paralysis (16)
 x - a wand of polymorph (9)
Scrolls
 j - 2 scrolls of magic mapping
 p - a scroll of blinking
 q - 8 scrolls of identify
 s - a scroll of amnesia
 v - a scroll of fear
 B - a scroll of fog
 D - a scroll of teleportation
Potions
 b - 2 potions of cancellation
 c - a potion of curing
 d - a potion of attraction {unknown}
 g - 2 potions of degeneration {unknown}
 l - a potion of lignification
 r - 2 potions of brilliance
 C - a potion of mutation {unknown}
 E - 2 potions of ambrosia {unknown}
Miscellaneous
 a - a piece from Xom's chessboard (15/15)


   Skills:
 - Level 2.6 Fighting
 + Level 8.1 Dodging
 - Level 1.0 Stealth
 + Level 16.4 Unarmed Combat


You had 10 spell levels left.
You didn't know any spells.
Your spell library contained the following spells:

 Spells                   Type           Power      Damage    Failure   Level
 Animate Skeleton         Necr           0%         N/A       45%         1
 Pain                     Necr           0%         1d4       45%         1
 Passwall                 Tmut/Erth      0%         N/A       58%         2
 Ozocubu's Armour         Ice            0%         N/A       83%         3
 Stone Arrow              Conj/Erth      0%         3d7       83%         3
 Swiftness                Air            0%         N/A       83%         3
 Vampiric Draining        Necr           0%         2d6       83%         3
 Animate Armour           Summ/Erth      0%         N/A       99%         4
 Dispel Undead            Necr           0%         3d6       99%         4
 Summon Ice Beast         Ice/Summ       0%         N/A       99%         4
 Agony                    Necr           0%         N/A       100%        5
 Summon Mana Viper        Hex/Summ       0%         N/A       100%        5
 Invisibility             Hex            0%         N/A       100%        6
 Monstrous Menagerie      Summ           0%         N/A       100%        7
 Ozocubu's Refrigeration  Ice            0%         4d5       100%        7
 Lehudib's Crystal Spear  Conj/Erth      0%         10d2      100%        8
 Polar Vortex             Ice            0%         N/A       100%        9


Dungeon Overview and Level Annotations

Branches:
Dungeon (12/15)            Temple (1/1) D:5            Lair (1/6) D:8
    Orc (0/2) D:10

Altars:
Ashenzari
Cheibriados
Dithmenos
Elyvilon
Fedhas
Gozag
Hepliaklqana
Kikubaaqudgha
Makhleb
Nemelex Xobeh
Okawaru
Qazlal
Ru
Sif Muna
Trog
Uskayaw
Vehumet
Wu Jian
Xom
Yredelemnul
Zin
The Shining One

Shops:
D:7 [![   D:10 *


Innate Abilities, Weirdness & Mutations

You are a tree.
Your roots penetrate the ground, keeping you stationary.
You cannot be teleported.
You are immune to unholy pain and torment.
Your maximum health is greatly increased.
Your equipment is partially melded.
You are too large for most types of armour.
((You have claws for hands.))
Your natural rate of healing is unusually fast.
((You are covered in fur. (AC +1)))
((You have tough skin. (AC +1)))


Message History

* * * LOW HITPOINT WARNING * * *
The 11-headed hydra misses you.
The 11-headed hydra bites you but does no damage. x2
The 11-headed hydra barely misses you. x2
The 11-headed hydra bites you but does no damage.
The 11-headed hydra misses you.
It was a potion of brilliance.
You feel clever all of a sudden. The bullfrog misses you.
The bullfrog closely misses you.
A yak comes into view.
The 11-headed hydra bites you but does no damage.
The 11-headed hydra bites you!
* * * LOW HITPOINT WARNING * * *
The 11-headed hydra misses you. The 11-headed hydra bites you.
* * * LOW HITPOINT WARNING * * *
The 11-headed hydra barely misses you. The 11-headed hydra misses you.
The 11-headed hydra bites you but does no damage.
The 11-headed hydra bites you.
* * * LOW HITPOINT WARNING * * *
The 11-headed hydra bites you but does no damage.
The 11-headed hydra barely misses you. x2
It was a potion of lignification.
You turn into a tree.
Your +2 cloak melds into your body.
Your +1 troll leather armour melds into your body.
Your roots penetrate the ground.
A yak comes into view.
The bullfrog hits you.
* * * LOW HITPOINT WARNING * * *
The basilisk bites the fungus.
The fungus begins to die.
The 11-headed hydra bites you but does no damage.
The 11-headed hydra bites you.
* * * LOW HITPOINT WARNING * * *
The 11-headed hydra bites you!
* * * LOW HITPOINT WARNING * * *
The 11-headed hydra bites you.
* * * LOW HITPOINT WARNING * * *
The 11-headed hydra bites you but does no damage. x2
The 11-headed hydra bites you!
You die...
Your body rises from the dead as a mindless zombie.

.....#........# P##.....#..
.#...#..P##..####........## #
........##................##..
.P....#.###.†................
.#..###.....##.##...........
.#.. #.#.##.....†.......# ....
....#...##.##......###### ..
........#.#######hYh...>..##
#.##.........lD♣FShhY#........
# ....♣...♣...P###S##†Y..♣....
...♣PP..P♣.### ###....## ..
.... P♣.♣.......##h.h### >..
#...h.Y# ## (♣ ##...h###...#.
+....Y†....... #♣.....♣..>..♣
+.............


You could see a 11-headed hydra, a black mamba, 3 yaks, a basilisk, a water
moccasin, 4 wolves and a bullfrog.

Vanquished Creatures
  Kirke (D:11)
  A two-headed ogre (D:11)
  A cyclops (D:11)
  Psyche (D:9)
  A cane toad (Lair:1)
  A gargoyle (D:6)
  A kobold demonologist (D:10)
  An unseen horror (D:11)
  Maggie (D:10)
  A komodo dragon (Lair:1)
  2 trolls (D:11)
  Grinder (D:3)
  A hornet (D:10)
  A wraith (D:11)
  2 shadows
  A wyvern (D:7)
  5 hogs
  11 yaks
  A basilisk (Lair:1)
  Grum (D:8)
  An acid dragon (D:11)
  3 black bears
  A hornet zombie (D:6)
  3 ice beasts
  2 sky beasts (D:7)
  5 orc warriors
  3 ogres
  3 centaurs
  3 wolves
  A kobold brigand (D:8)
  3 phantoms
  7 bullfrogs
  A gnoll sergeant (D:11)
  2 water moccasin skeletons
  A howler monkey (D:11)
  6 centaur zombies
  A gnoll shaman (D:8)
  4 hounds
  6 orc priests
  2 bullfrog skeletons
  A centaur skeleton (D:6)
  Terence (D:3)
  4 iguanas
  6 orc wizards
  Natasha (twice) (D:3)
  A killer bee zombie (D:7)
  3 howler monkey zombies
  12 gnolls
  5 adders
  A white imp (D:5)
  3 dart slugs
  20 orcs
  4 ball pythons
  3 bats (D:1)
  5 endoplasms
  4 giant cockroaches
  4 goblins
  5 hobgoblins
  3 jackals (D:1)
  6 quokkas
  11 frilled lizards
  12 kobolds
  4 rats
214 creatures vanquished.

Vanquished Creatures (others)
  5 plants
5 creatures vanquished.

Grand Total: 219 creatures vanquished

Notes
Turn   | Place    | Note
-------+----------+-------------------------------------------
     0 | D:1      | BlueGoblin the Troll Monk began the quest for the Orb.
     0 | D:1      | Reached XP level 1. HP: 22/22 MP: 0/0
   174 | D:1      | Reached XP level 2. HP: 26/29 MP: 1/1
   973 | D:2      | Reached XP level 3. HP: 36/36 MP: 2/2
  1581 | D:2      | Reached skill level 4 in Unarmed Combat
  1585 | D:3      | Reached XP level 4. HP: 36/44 MP: 3/3
  1604 | D:3      | Noticed an ice beast
  1618 | D:3      | Killed an ice beast
  1619 | D:3      | Reached skill level 5 in Unarmed Combat
  1619 | D:3      | Reached XP level 5. HP: 42/50 MP: 4/4
  1721 | D:3      | Found a shadowy altar of Dithmenos.
  1779 | D:3      | Noticed Grinder
  1790 | D:3      | Killed Grinder
  1791 | D:3      | Reached skill level 6 in Unarmed Combat
  1791 | D:3      | Reached XP level 6. HP: 24/59 MP: 5/5
  2035 | D:3      | Noticed Natasha
  2045 | D:3      | Killed Natasha
  2135 | D:3      | Noticed Natasha
  2144 | D:3      | Killed Natasha
  2214 | D:3      | Noticed Terence
  2225 | D:3      | Killed Terence
  2602 | D:4      | Found a burning altar of Makhleb.
  2656 | D:4      | Found a broken altar of Ashenzari.
  2667 | D:4      | Reached skill level 7 in Unarmed Combat
  2667 | D:4      | Reached XP level 7. HP: 65/66 MP: 6/6
  2710 | D:4      | You fall into a shaft and drop 3 floors!
  2710 | D:7      | Noticed a wyvern
  2722 | D:7      | Killed a wyvern
  2780 | D:7      | Reached skill level 8 in Unarmed Combat
  2839 | D:7      | Found Duommio's Distillery.
  2849 | D:7      | Found Jielibb's Antique Armour Shoppe.
  2881 | D:7      | Identified the +1 ring mail of the Northern Lights {Int+7
                  | Dex+7}
  3071 | D:7      | Found Ledghino's Antique Armour Shop.
  3114 | D:7      | Reached XP level 8. HP: 74/74 MP: 7/7
  3190 | D:7      | Found a sparkling altar of Nemelex Xobeh.
  3190 | D:7      | Found a snail-covered altar of Cheibriados.
  3238 | D:7      | Identified the +1 leather armour of Zuh Boun {Harm Will+
                  | Str-3}
  3323 | D:7      | Reached skill level 9 in Unarmed Combat
  3705 | D:8      | Got the Catalogue of Sinister Ice
  3742 | D:8      | Reached skill level 5 in Dodging
  3762 | D:8      | Reached skill level 10 in Unarmed Combat
  3840 | D:8      | Reached XP level 9. HP: 62/80 MP: 4/8
  3843 | D:8      | Reached skill level 11 in Unarmed Combat
  3871 | D:8      | Noticed Grum
  4051 | D:8      | Killed Grum
  4444 | D:8      | Found a staircase to the Lair.
  4754 | Lair:1   | Entered Level 1 of the Lair of Beasts
  4754 | Lair:1   | Noticed a cane toad
  4764 | Lair:1   | Killed a cane toad
  4765 | Lair:1   | Reached skill level 12 in Unarmed Combat
  4897 | D:9      | Noticed Psyche
  4910 | D:9      | Killed Psyche
  5450 | D:9      | Identified the +1 war axe "Ybbubraf" {spect, *Noise rPois
                  | rF++ Stlth+}
  5479 | D:9      | Identified a scroll of acquirement
  5479 | D:9      | Acquired the ring "Luyho" {Drain rPois MP-9 Str+9 Stlth+}
  5806 | D:10     | Entered Level 10 of the Dungeon
  5825 | D:10     | Found Gozag's Platinum Reserve.
  5829 | D:10     | Found an opulent altar of Gozag.
  5888 | D:10     | Reached XP level 10. HP: 88/88 MP: 0/9
  5944 | D:10     | Found a stormy altar of Qazlal.
  6120 | D:10     | Reached skill level 13 in Unarmed Combat
  6352 | D:10     | Found a staircase to the Orcish Mines.
  6364 | D:10     | Noticed Maggie
  6385 | D:10     | Killed Maggie
  6496 | D:7      | Bought a shiny troll leather armour for 432 gold pieces
  6744 | D:10     | Found a hazy altar of Hepliaklqana.
  6747 | D:10     | Found a sacrificial altar of Ru.
  6956 | D:11     | Reached skill level 14 in Unarmed Combat
  7218 | D:11     | Noticed a two-headed ogre
  7224 | D:11     | Killed a two-headed ogre
  7234 | D:11     | Reached XP level 11. HP: 87/96 MP: 1/10
  7329 | D:11     | Reached skill level 15 in Unarmed Combat
  7668 | D:12     | Noticed Kirke
  7670 | D:12     | Noticed a lindwurm
  7702 | D:11     | Noticed a lindwurm
  7718 | D:11     | Killed Kirke
  8508 | D:6      | Identified the +1 leather armour of Oclutz {Fly rCorr Str-5
                  | Int-3}
  8580 | D:5      | Entered Level 5 of the Dungeon
  8863 | D:5      | Found a staircase to the Ecumenical Temple.
  8932 | D:5      | Reached skill level 16 in Unarmed Combat
  9234 | Temple   | Entered the Ecumenical Temple
  9528 | Temple   | Became a worshipper of Yredelemnul the Dark
  9528 | Temple   | Reached * piety under Yredelemnul
  9528 | Temple   | Reached ** piety under Yredelemnul
  9783 | Lair:1   | Noticed an eight-headed hydra
  9795 | Lair:1   | HP: 3/144 [11-headed hydra (9)]
  9795 | Lair:1   | HP: 1/144 [11-headed hydra (2)]
  9795 | Lair:1   | Mangled by an 11-headed hydra

Illustrated notes

Levels and vault maps discovered:
D:1:      eino_arrival_tree_alley, layout_basic, minmay_lizard_king
D:2:      layout_basic
D:3:      layout_rooms, old_standard_altar, uniq_natasha, uniq_grinder,
          uniq_terence
D:4:      layout_basic, bloody_makhleb, ashenzari_altar_1, uniq_duvessa
D:5:      black_bear_nest_1, layout_basic, minmay_temple_entry_tees
D:6:      layout_basic, grunt_ministairs_1
D:7:      layout_basic, gammafunk_temple_overflow_wave, serial_shops,
          kennysheep_mini_moat, shop, nicolae_shop_stone, chequers_garden,
          due_unseen_surprise
D:8:      layout_loops_ring, lair_entry_dummy, grunt_decor_resistance, uniq_grum
D:9:      layout_small_grid, uniq_psyche
D:10:     layout_stronghold, nicolae_gozag_zags_fifth_avenue,
          nicolae_qazlal_style_of_elements, minitemple, orc_0_dummy,
          corner_web_ring, uniq_maggie
D:11:     layout_irregular_city
D:12:     layout_roguey, hellmonk_guarded_unrand_zhor, uniq_kirke
Temple:   oiseaux_autumnal_temple
Lair:1:   layout_loops_ring, hangedman_lair_unloving_vines,
          grunt_forest_stairs_basic, grunt_megastairs_5

Skill      XL: |  1  2  3  4  5  6  7  8  9 10 11 |
---------------+----------------------------------+-----
Dodging        | 3 4 5 6 7 8 |  8.1
Unarmed Combat | 4 5 6 7 8 10 12 14 16 | 16.4
Fighting       | |  2.6
Stealth        | |  1.0

Action                   |  1- 3 |  4- 6 |  7- 9 | 10-12 || total
-------------------------+-------+-------+-------+-------++-------
Melee: Unarmed           |   108 |    96 |   217 |   245 ||   666
       Punch             |       |     2 |    12 |    27 ||    41
  Use: Scroll            |     1 |       |     8 |     3 ||    12
       Potion            |       |       |     4 |     2 ||     6
 Stab: Sleeping          |     4 |     2 |     4 |     6 ||    16
Armor: Robe              |    29 |    18 |    37 |     1 ||    85
       Troll leather arm |       |       |       |    61 ||    61
       Skin              |       |       |       |     3 ||     3
Dodge: Dodged            |    56 |    34 |    98 |   174 ||   362

Table legend: (Time is in decaauts)
 A = Elapsed time spent in this place.
 B = Non-inter-level travel time spent in this place.
 C = Inter-level travel time spent in this place.
 D = Time resting spent in this place.
 E = Time spent auto-exploring this place.
 F = Levels seen in this place.
 G = Mean time per level.
                   A        B        C        D        E       F      G
               +--------+--------+--------+--------+--------+-----+--------+
         Total |   9693 |   8795 |    898 |    710 |   6465 |  14 |  692.4 |
       Dungeon |   9203 |   8355 |    848 |    663 |   6162 |  12 |  766.9 |
        Temple |    334 |    287 |     47 |      0 |    269 |   1 |  334.0 |
          Lair |    155 |    152 |      3 |     47 |     34 |   1 |  155.0 |
               +--------+--------+--------+--------+--------+-----+--------+

Top non-repeatable levels by time:
     D:7: 1215 daAuts
     D:8: 1164 daAuts
    D:10: 962 daAuts
     D:9: 958 daAuts
     D:1: 905 daAuts
    D:11: 826 daAuts
     D:3: 694 daAuts
     D:5: 684 daAuts
     D:6: 648 daAuts
     D:2: 648 daAuts
     D:4: 445 daAuts
  Temple: 334 daAuts
  Lair:1: 155 daAuts
    D:12: 50 daAuts
